Map: King Sejong Station LE

Players

Starbucks (CalebAracous)

  • Race: Zerg Zerg
  • League: Grandmaster

Miszu - Winner!

  • Race: Terran Terran
  • League: Master

VOD

Have the link to the VOD?

Description

Time

  • Played on: July 2, 2016, 5:49 p.m.
  • Length: 9:45
Show
View Real Time Build Order
Export as new Build Order

Starbucks Zerg 

Build Orders: Hatch First 

Get SALT Encoding   

  12  0:01  Drone  
  13  0:12  Drone  
  14  0:17  Overlord  
  14  0:25  Extractor  
  14  0:26  Drone  
  15  0:37  Drone x2  
  17  0:53  Hatchery  
  17  0:56  Drone  
  17  1:01  Drone  
  18  1:09  Extractor  
  17  1:15  Spawning Pool  
  16  1:23  Drone x2  
  18  1:28  Drone  
  19  1:41  Overlord  
  19  1:49  Drone  
  20  1:59  Drone  
  21  2:02  Queen  
  21  2:05  Queen  
  21  2:06  Zergling x2  
  26  2:11  Zergling x2  
  26  2:12  Metabolic Boost  
  27  2:18  Drone  
  28  2:34  Spore Crawler  
  28  2:35  Drone x3  
  30  2:43  Queen  
  33  2:45  Overlord  
  33  2:53  Drone x2  
  33  2:57  Pneumatized Carapace  
  35  3:09  Hatchery  
  34  3:13  Drone x3  
  34  3:15  Drone  
  38  3:21  Queen  
  40  3:31  Overlord  
  40  3:37  Drone x4  
  44  3:50  Zergling x4  
  44  3:51  Lair  
  44  3:52  Overlord  
  44  3:54  Drone x3  
  49  4:04  Roach Warren  
  48  4:10  Extractor x2, Queen  
  48  4:13  Overlord  
  48  4:16  Drone x2  
  51  4:17  Drone  
  51  4:26  Drone x4  
  54  4:39  Overlord  
  52  4:51  Roach x2  
  52  4:52  Roach x5  
  66  4:54  Overlord x2  
  66  5:04  Glial Reconstitution  
  66  5:05  Roach  
  66  5:06  Roach x3  
  74  5:10  Overlord  
  74  5:12  Queen  
  76  5:21  Drone  
  76  5:22  Drone x5  
  82  5:36  Overlord  
  82  5:38  Drone x5  
  82  5:39  Drone  
  82  5:42  Drone x2  
  90  5:43  Evolution Chamber  
  90  5:44  Evolution Chamber  
  85  6:03  Ravager x2  
  77  6:17  Overlord  
  73  6:30  Drone x2  
  73  6:31  Drone x2  
  77  6:35  Drone x2  
  77  6:36  Zerg Melee Weapons Level 1  
  79  6:42  Overseer  
  79  6:43  Zerg Ground Armor Level 1  
  79  7:05  Drone  
  79  7:06  Drone x2  
  79  7:12  Drone x3  
  79  7:14  Drone x5  
  79  7:15  Drone x5  
  92  7:25  Overlord x2  
  92  7:31  Overlord  
  92  7:33  Drone  
  92  7:34  Extractor  
  92  7:35  Extractor  
  91  7:38  Queen  
  91  7:39  Drone x2  
  91  7:40  Overlord  
  91  7:42  Roach x2  
  91  7:43  Roach  
  101  7:50  Baneling Nest, Spire  
  97  8:01  Drone x2  
  97  8:02  Overlord, Drone  
  97  8:03  Drone  
  97  8:04  Drone x3  
  104  8:05  Extractor  
  103  8:21  Roach  
  103  8:22  Roach x5  
  103  8:23  Ravager x3  
  118  8:33  Hatchery  
  117  8:35  Zergling x4  
  117  8:36  Zergling x6  
  122  8:50  Zergling x2  
  122  8:51  Zergling x10  
  122  8:52  Hatchery  
  127  8:57  Zergling x4  
  125  9:14  Roach x3  
  125  9:15  Zergling x12  
  133  9:19  Ravager  
  133  9:22  Ravager  
  133  9:24  Zergling x4  
  133  9:32  Drone x3  
  133  9:33  Drone  
Show
View Real Time Build Order
Export as new Build Order

Miszu Terran - Winner!

Build Orders: Reaper Expand, MMM Bio 

Get SALT Encoding   

  12  0:00  SCV  
  13  0:13  SCV  
  14  0:18  Supply Depot  
  14  0:25  SCV  
  15  0:40  Barracks, SCV  
  16  0:44  Refinery  
  16  0:52  SCV  
  17  1:04  SCV  
  18  1:16  SCV  
  19  1:28  Reaper, Orbital Command  
  20  1:40  Command Center  
  20  1:49  Supply Depot  
  20  1:54  SCV  
  20  1:59  Refinery  
  21  2:06  SCV  
  21  2:07  Barracks Reactor  
  22  2:21  Factory  
  22  2:23  SCV  
  23  2:37  SCV  
  23  2:44  Marine x2  
  23  2:50  SCV  
  26  2:52  Orbital Command  
  26  3:02  Marine x2  
  28  3:06  Factory Reactor  
  28  3:07  Starport  
  28  3:08  SCV  
  29  3:13  Supply Depot  
  29  3:17  SCV  
  30  3:20  Marine, SCV  
  32  3:29  SCV  
  32  3:32  SCV  
  34  3:36  Supply Depot, Marine  
  34  3:37  Marine  
  36  3:41  SCV  
  36  3:44  SCV  
  38  3:50  Medivac x2, Widow Mine  
  38  3:53  SCV  
  45  3:57  Marine x2  
  45  3:58  SCV  
  48  4:02  Liberator  
  48  4:05  SCV  
  49  4:10  SCV  
  49  4:11  Command Center  
  50  4:17  Liberator  
  50  4:18  SCV  
  50  4:23  SCV  
  55  4:26  Factory Tech Lab  
  55  4:30  SCV  
  58  4:38  SCV  
  59  4:47  Marine x2  
  59  4:51  SCV  
  62  4:55  Supply Depot  
  62  4:56  Supply Depot  
  62  5:01  Engineering Bay  
  62  5:02  Engineering Bay, Barracks  
  62  5:06  Barracks  
  62  5:16  Siege Tank, SCV x2  
  67  5:28  SCV  
  67  5:29  Refinery x2, SCV  
  67  5:33  Terran Infantry Weapons Level 1, Terran Infantry Armor Level 1  
  69  5:38  Orbital Command  
  69  5:40  Barracks  
  69  5:41  Barracks, SCV x2  
  71  5:47  Marine  
  72  5:53  SCV x2  
  72  5:55  Marine, Barracks Tech Lab  
  72  5:56  Barracks Tech Lab  
  75  6:05  Siege Tank, SCV x2  
  79  6:17  Marine x2, SCV  
  79  6:18  Marine, Stimpack, Combat Shields  
  80  6:19  SCV  
  81  6:26  Marine  
  81  6:29  SCV  
  81  6:31  Barracks Reactor x2, SCV  
  84  6:34  Marine x2  
  84  6:35  Marine  
  84  6:36  Barracks  
  84  6:37  Barracks  
  84  6:38  Barracks  
  87  6:45  Marauder  
  92  6:47  Siege Tank  
  92  6:52  Marine  
  92  6:53  Orbital Command  
  92  6:54  Supply Depot x2  
  93  6:56  Supply Depot  
  93  6:59  Armory  
  93  7:03  Marine x2  
  93  7:15  Marine x2, SCV x2  
  96  7:18  SCV  
  96  7:21  Marine  
  96  7:22  Marauder  
  101  7:26  Barracks Reactor  
  101  7:27  Barracks Reactor, SCV x2  
  103  7:30  SCV  
  103  7:33  Marine, Marauder  
  103  7:34  Marine x2  
  109  7:38  Marine x2  
  109  7:39  Marine, Medivac x2  
  116  7:46  Refinery  
  116  7:47  Bunker, Refinery  
  116  7:48  Supply Depot  
  116  7:53  Supply Depot  
  116  7:55  Supply Depot  
  116  7:58  Marauder  
  115  8:00  Supply Depot  
  114  8:07  Marine  
  114  8:08  Marine x2  
  114  8:10  Marine x8  
  125  8:19  Marine  
  126  8:25  Marine  
  126  8:26  Marine x2  
  129  8:27  Marine  
  129  8:28  Marine x2, Marauder  
  129  8:32  Marine x2  
  139  8:34  Siege Tank  
  139  8:36  Medivac x2  
  139  8:37  Marauder  
  139  8:39  Marine x2  
  147  8:42  Supply Depot  
  147  8:43  Marine  
  147  8:44  Supply Depot, Marine  
  148  9:02  Marine  
  149  9:03  Marine x3  
  149  9:04  Marine, Marauder x2  
  149  9:06  Marine x5  
Tags
 
Add a new tag
Caveats
  • Supply blocks, unpowered buildings, or Contaminate may cause inaccurate times.
  • Supply counts are checked every 10 seconds.